 Dungeon Crawl Stone Soup version 0.31-a0-1425-g903e00c (webtiles) character file.

Game seed: 14184743776158669829

1305874 Wizard1ke the Devastator (level 25, 150/273 HPs)
             Began as an Oni Earth Elementalist on Dec 26, 2023.
             Was a High Priest of Sif Muna.
             Escaped with the Orb
             ... and 3 runes!
             The game lasted 03:33:16 (109941 turns).

Wizard1ke the Devastator (Oni Earth Elementalist) Turns: 109941, Time: 03:33:17

Health: 150/273    AC:  9    Str: 19    XL:     25   Next: 75%
Magic:  46/46      EV: 10    Int: 34    God:    Sif Muna [*****.]
Gold:   4214       SH: 23    Dex: 11    Spells: 7/54 levels left

rFire   + + .        z - staff "Koha" {*Corrode Fly Will++ Conj}
rCold   + . .        c - +3 tower shield of Precision Catastrophes {*Corrode rElec Dex+3}
rNeg    + . .        F - +2 robe {rC+ rF+}
rPois   +            f - +1 hat of Vampiric Thralls {rPois Str+3}
rElec   +            V - +2 cloak {rF+}
rCorr   +            (gloves unavailable)
SInv    .            (boots unavailable)
Will    ++++.        D - amulet of magic regeneration
Stlth   +            T - +6 ring of intelligence
HPRegen 0.65/turn    S - ring of the Eight Beggars {+Blink Fly rN+ rCorr}
MPRegen 0.70/turn

%: corrode self (6%)
@: flying
A: large, unfitting armour, horns 1, tough skin 1, double potion healing,
drunken brawling, hooves 1, clever 1, high MP 1, screaming 1, weak 1
0: Orb of Zot
}: 3/15 runes: decaying, serpentine, slimy
a: Renounce Religion, Evoke Blink, Channel Magic, Forget Spell, Divine Exegesis


You escaped.
You worshipped Sif Muna.
Sif Muna was extremely pleased with you.
You visited 11 branches of the dungeon, and saw 52 of its levels.
You visited 1 bazaar.
You also visited: Trove and Volcano.

You collected 7308 gold pieces.
You spent 3094 gold pieces at shops.

Inventory:

Missiles
 i - 18 curare-tipped darts
 P - 8 throwing nets
Armour
 c - the +3 tower shield of Precision Catastrophes (worn) {*Corrode rElec Dex+3}
   (You acquired it on level 6 of the Dungeon)

   Dex+3:     It affects your dexterity (+3).
   rElec:     It insulates you from electricity.
   *Corrode:  It may corrode you when you take damage.
 f - the +1 hat of Vampiric Thralls (worn) {rPois Str+3}
   (You found it in a treasure trove)

   Str+3:     It affects your strength (+3).
   rPois:     It protects you from poison
 j - the -1 hat of Sunlight {Harm Will+ Dex+2}
   (You found it in a treasure trove)

   Dex+2:     It affects your dexterity (+2).
   Will+:     It increases your willpower.
   Harm:      It increases damage dealt and taken.
 p - the +3 hat of Pondering {ponderous, Will+ MP+10 Int+5}
   (You found it in a treasure trove)

   Int+5:     It affects your intelligence (+5).
   Will+:     It increases your willpower.
   MP+10:     It affects your magic capacity (+10).
 F - a +2 robe of resistance (worn)
 V - a +2 cloak of fire resistance (worn)
Magical Staves
 k - a staff of earth
 z - the staff "Koha" (weapon) {*Corrode Fly Will++ Conj}
   (You found it on level 3 of the Elven Halls)

   [staff of conjuration]

   Base accuracy: +5 Base damage: 5 Base attack delay: 1.2 This weapon's minimum
   attack delay (0.6) is reached at skill level 12.
   Will++:    It greatly increases your willpower.
   Fly:       It grants you flight.
   *Corrode:  It may corrode you when you take damage.
   Conj:      It increases the power of your Conjurations spells.
   It falls into the 'Staves' category.
   It is a one-handed weapon.
Jewellery
 a - an amulet of regeneration
 h - a ring of flight
 l - an amulet of reflection
 u - a ring of poison resistance
 D - an amulet of magic regeneration (around neck)
 S - the ring of the Eight Beggars (right hand) {+Blink Fly rN+ rCorr}
   (You found it on level 5 of the Pits of Slime)

   [ring of flight]

   rN+:       It protects you from negative energy.
   Fly:       It grants you flight.
   +Blink:    It lets you blink.
   rCorr:     It protects you from acid and corrosion.
 T - a +6 ring of intelligence (left hand)
Wands
 v - a wand of digging (18)
 y - a wand of mindburst (21)
 A - a wand of charming (56)
 C - a wand of iceblast (47)
 L - a wand of light (7)
 Q - a wand of polymorph (31)
Scrolls
 b - 17 scrolls of amnesia
 d - 11 scrolls of fear
 o - 7 scrolls of teleportation
 s - 10 scrolls of enchant armour
 w - 6 scrolls of poison
 E - 2 scrolls of revelation
 G - 3 scrolls of silence {!r}
 J - 6 scrolls of vulnerability
 K - a scroll of blinking
 O - 10 scrolls of immolation
 R - 5 scrolls of fog
 Y - 3 scrolls of butterflies
Potions
 e - 4 potions of magic
 g - 4 potions of resistance
 m - 6 potions of attraction
 n - 20 potions of curing
 q - a potion of berserk rage {!q}
 t - 2 potions of enlightenment
 x - 11 potions of mutation
 B - 4 potions of invisibility
 H - 4 potions of heal wounds
 I - 2 potions of haste
 M - 3 potions of cancellation
 U - 7 potions of brilliance
 W - 4 potions of might
 Z - 7 potions of lignification
Miscellaneous
 X - a phantom mirror


   Skills:
 - Level 20.0 Fighting
 - Level 5.0 Dodging
 - Level 1.4 Stealth
 + Level 20.0 Shields
 - Level 15.0 Spellcasting
 - Level 20.0 Conjurations
 - Level 10.0 Necromancy
 - Level 4.0 Translocations
 - Level 20.0 Earth Magic
 - Level 5.0 Alchemy
 - Level 15.0 Invocations


You had 7 spell levels left.
You knew the following spells:

 Your Spells              Type           Power      Damage    Failure   Level
a - Sandblast             Erth           100%       2d20      0%          1
b - Passwall              Alch/Erth      70%        N/A       1%          2
c - Stone Arrow           Conj/Erth      100%       3d13      0%          3
d - Lehudib's Crystal Sp  Conj/Erth      63%        10d15     5%          8
e - Bombard               Conj/Erth      63%        9d10      1%          6
f - Lee's Rapid Deconstr  Erth           52%        3d24*     1%          5
g - Orb of Destruction    Conj           63%        9d15      1%          7
h - Blink                 Tloc           100%       N/A       1%          2
i - Borgnjor's Vile Clut  Necr/Erth      45%        N/A       1%          5
j - Irradiate             Conj/Alch      52%        3d29      1%          5
k - Sublimation of Blood  Necr           76%        N/A       1%          2
l - Apportation           Tloc           100%       N/A       1%          1

Your spell library contained the following spells:

 Spells                   Type           Power      Damage    Failure   Level
 Kiss of Death            Conj/Necr      100%       2d13      0%          1
 Magic Dart               Conj           100%       1d8       0%          1
 Searing Ray              Conj           100%       2d8       0%          2
 Brom's Barrelling Bould  Conj/Erth      100%       2d11      0%          4
 Foxfire                  Conj/Fire      100%       2x1d9     1%          1
 Necrotise                Necr           100%       1d9       1%          1
 Shock                    Conj/Air       100%       1d9       1%          1
 Sting                    Conj/Alch      100%       1d9       1%          1
 Cigotuvi's Dreadful Rot  Necr/Alch/Air  100%       N/A       1%          2
 Lesser Beckoning         Tloc           100%       N/A       1%          2
 Mercury Vapours          Alch/Air       84%        N/A       1%          2
 Momentum Strike          Conj/Tloc      100%       3d10      1%          2
 Static Discharge         Conj/Air       100%       3-8/arc   1%          2
 Dazzling Flash           Conj/Hex       100%       N/A       1%          3
 Fugue of the Fallen      Necr           76%        N/A       1%          3
 Gell's Gravitas          Tloc           51%        N/A       1%          3
 Hailstorm                Conj/Ice       96%        3d15      1%          3
 Mephitic Cloud           Conj/Alch/Air  89%        N/A       1%          3
 Teleport Other           Tloc           51%        N/A       1%          3
 Animate Armour           Summ/Erth      100%       N/A       1%          4
 Animate Dead             Necr           76%        N/A       1%          4
 Flame Wave               Conj/Fire      96%        2d20      1%          4
 Fulminant Prism          Conj/Alch      52%        3d23      1%          4
 Iskenderun's Mystic Bla  Conj/Tloc      100%       2d19      1%          4
 Leda's Liquefaction      Alch/Erth      42%        N/A       1%          4
 Petrify                  Alch/Erth      84%        N/A       1%          4
 Agony                    Necr           76%        N/A       1%          5
 Arcjolt                  Conj/Air       48%        1d58      1%          5
 Fireball                 Conj/Fire      48%        3d19      1%          5
 Iskenderun's Battlesphe  Conj           100%       2d15      1%          5
 Freeze                   Ice            100%       1d10      3%          1
 Slow                     Hex            100%       N/A       3%          1
 Summon Small Mammal      Summ           100%       N/A       3%          1
 Volatile Blastmotes      Fire/Tloc      78%        2d16      3%          3
 Jinxbite                 Hex            50%        N/A       4%          2
 Scorch                   Fire           50%        2d7       4%          2
 Manifold Assault         Tloc           51%        N/A       5%          4
 Passage of Golubria      Tloc           51%        N/A       5%          4
 Freezing Cloud           Conj/Ice/Air   41%        6-21      5%          5
 Conjure Ball Lightning   Conj/Air       48%        3x3d17    8%          6
 Death Channel            Necr           38%        N/A       8%          6
 Starburst                Conj/Fire      48%        6d13      8%          6
 Inner Flame              Hex/Fire       25%        N/A       9%          3
 Ozocubu's Armour         Ice            25%        N/A       9%          3
 Swiftness                Air            25%        N/A       9%          3
 Tukima's Dance           Hex            25%        N/A       9%          3
 Sticky Flame             Fire/Alch      42%        2d8       11%         4
 Alistair's Intoxication  Alch           37%        N/A       11%         5
 Dimensional Bullseye     Hex/Tloc       19%        N/A       13%         4
 Vhi's Electric Charge    Tloc/Air       78%        N/A       13%         4
 Airstrike                Air            12%        2d(2-18)  28%         4
 Cause Fear               Hex            12%        N/A       28%         4
 Summon Ice Beast         Ice/Summ       25%        N/A       28%         4
 Summon Lightning Spire   Summ/Air       25%        N/A       28%         4
 Yara's Violent Unravell  Hex/Alch       21%        3d10      28%         5
 Summon Forest            Summ/Tloc      19%        N/A       34%         5
 Spellforged Servitor     Conj/Summ      48%        N/A       38%         7
 Eringya's Noxious Bog    Alch           28%        4d6       50%         6
 Simulacrum               Ice/Necr       28%        N/A       50%         6
 Metabolic Englaciation   Hex/Ice        12%        N/A       63%         5
 Summon Mana Viper        Hex/Summ       25%        N/A       63%         5
 Dispersal                Tloc           25%        N/A       65%         6
 Haunt                    Necr/Summ      28%        N/A       97%         7
 Plasma Beam              Fire/Air       12%        2x1d23    99%         6
 Summon Cactus Giant      Summ           12%        N/A       99%         6
 Enfeeble                 Hex            12%        N/A       100%        7
 Monstrous Menagerie      Summ           12%        N/A       100%        7
 Summon Hydra             Summ           12%        N/A       100%        7
 Shatter                  Erth           52%        3d39*     63%         9
 Infestation              Necr           38%        N/A       97%         8
 Disjunction              Tloc           25%        N/A       100%        8
 Ignition                 Fire           12%        3d6       100%        8
 Maxwell's Capacitive Co  Air            12%        ∞         100%        8
 Summon Horrible Things   Summ           12%        N/A       100%        8
 Chain Lightning          Conj/Air       48%        3d64      100%        9
 Dragon's Call            Summ           12%        N/A       100%        9
 Fire Storm               Conj/Fire      48%        8d12      100%        9
 Polar Vortex             Ice            12%        12d1*     100%        9


Dungeon Overview and Level Annotations

Branches:
Dungeon (15/15)            Temple (1/1) D:7            Lair (5/5) D:8
  Swamp (4/4) Lair:2        Snake (4/4) Lair:2        Slime (5/5) Lair:4
    Orc (2/2) D:11            Elf (3/3) Orc:2        Vaults (4/5) D:14
  Crypt (0/3) Vaults:3     Depths (4/4) D:15            Zot (5/5) Depths:4
Volcano (visited)

Altars:
Ashenzari
Cheibriados
Dithmenos
Elyvilon
Fedhas
Gozag
Hepliaklqana
Kikubaaqudgha
Makhleb
Nemelex Xobeh
Okawaru
Qazlal
Ru
Sif Muna
Trog
Uskayaw
Vehumet
Wu Jian
Xom
Yredelemnul
Zin
The Shining One
Jiyva

Shops:
D:8 :   D:10 *   D:11 (   D:12 !   D:13 *[   Orc:2 *[([=   Snake:1 ([[
Snake:4 :   Vaults:1 ?   Vaults:2 (   Vaults:4 (

Portals:
Hell: Depths:1 Depths:2 Depths:3 Depths:4
Abyss: Depths:3
Pandemonium: Depths:1 Depths:2
Ziggurat: Depths:3

Annotations:
D:14 3 runed translucent doors, exclusion: 3 doors, Nioplizu's ghost, journeyman SpHu
Lair:3 Rupert
Slime:5 Royal Jelly
Elf:2 3 runed translucent doors, exclusion: 3 doors
Vaults:5 !vaults warning!vaults warning!vaults warning
Depths:1 4 transporters
Zot:1 exclusion: 3 doors
Zot:2 3 runed translucent doors, exclusions: 3 doors and upstairs, Anotheraccount's ghost, legendary FoFi
Zot:5 1 exclusion


Innate Abilities, Weirdness & Mutations

You are too large for most types of armour.
You have a pair of small horns on your head.
You have tough skin. (AC +1)
You gain doubled healing and magic from potions.
Whenever you drink a healing potion, you attack all around you.
You have large cloven feet.
Your mind is acute. (Int +4, Str/Dex -1)
You have an increased reservoir of magic. (+10% MP)
You occasionally shout uncontrollably at your foes.
You are weak. (Str -2)


Message History

Hoow gestures at you.
The bolt of dispelling energy hits you!!!
Your magical effects are unravelling.
You feel yourself slow down. Hoow gestures at you.
The bolt of dispelling energy hits you!!
The Tzitzimitl calls on the powers of darkness!
Your body is wracked with pain!
Hoow gestures at you. The blast of poison engulfs you. You resist.
Hoow gestures at you.
The bolt of dispelling energy hits you!!
Hoow gestures at you.
The bolt of dispelling energy hits you!!!
* * * LOW HITPOINT WARNING * * *
There is a stone staircase leading up, spattered with blood here.
You savour every drop.
You feel much better. Hoow gestures at you.
The bolt of dispelling energy hits you!!!
* * * LOW HITPOINT WARNING * * *
You savour every drop.
You feel much better.
A sixfirhy comes into view.
You fly upwards.
There is a stone staircase leading down here.
You savour every drop.
You feel much better.
Aiming: Dig
Press: ? - help, Shift-Dir - straight line You can't see that place. [the floor.]
The rock shatters into small pieces.
Aiming: Dig
Press: ? - help, Shift-Dir - straight line A rock wall.
This square is covered in magical glow.
The rock shatters into small pieces.
There is a staircase leading out of the dungeon here.
Okay, then.
Unknown command.
Unknown command.
You have escaped!

#####################
≈≈≈≈≈≈≈≈≈≈≈≈≈≈≈≈≈≈≈≈≈
♣≈≈≈≈≈≈≈≈≈≈≈≈≈≈≈≈≈≈
♣≈≈~≈≈≈~~~≈≈≈≈≈≈≈≈≈
♣♣♣♣..~~..~~≈~≈≈≈≈≈
♣...........~≈≈≈≈≈
♣............~~≈≈≈ ######
♣P............~≈≈≈ .....#
♣@♣.....♣.P....≈≈≈ .....#
♣♣♣♣..........~~≈≈ .....######♣♣♣
♣.P.P♣......≈≈≈
..........##.######.####♣.....≈≈≈
.#....###.#............#P....~≈≈≈
.#....# #...###..#####.#.......≈≈
##[...# #.#.# #..# #.#P.....~≈≈
#....# #.#.# #..# #.#♣....~~≈≈
##....###.#.# #..# #.#♣....≈≈≈≈


There were no monsters in sight!

Vanquished Creatures
  An orb of fire (Zot:4)
  A juggernaut (Depths:4)
  A Killer Klown (Zot:5)
  5 curse toes
  4 caustic shrikes (Depths:4)
  9 golden dragons
  Vashnia (Snake:3)
  Jory (Depths:3)
  Nikola (Vaults:1)
  3 doom hounds
  2 electric golems
  A hellephant (Depths:3)
  Jorgrun (Orc:1)
  17 tentacled monstrosities
  A Hell Sentinel (D:4)
  A walking frostbound tome (Depths:4)
  Asterion (Vaults:1)
  Zenata (Vaults:3)
  Mlioglotl (Swamp:3)
  A walking crystal tome (Depths:3)
  An Orb Guardian (D:12)
  Grunn (Zot:4)
  4 quicksilver dragons
  A deep elf blademaster (Elf:3)
  12 acid blobs
  The ghost of cinnamon the Severer, an adept MiFi of Okawaru (Swamp:4)
  A deep elf master archer (Elf:3)
  2 sphinxes (Vaults:3)
  4 death cobs
  Kirke (D:12)
  Gastronok (D:11)
  An Executioner (D:6)
  4 storm dragons
  2 tengu reavers
  A thorn hunter (Swamp:4)
  Donald (Swamp:1)
  The ghost of Horghaoc the Devastator, an adept DEFi of Vehumet (Snake:3)
  11 shadow dragons
  6 nagarajas
  2 protean progenitors (Zot:1)
  2 fenstrider witches
  Roxanne (D:14)
  6 rockslimes
  3 frost giants
  7 draconian knights
  5 azure jellies
  2 draconian monks (Zot:2)
  8 vault wardens
  17 fire giants
  3 ghost moths
  2 draconian scorchers
  9 deep elf sorcerers
  The ghost of Menolash the Executioner, a journeyman MiFi of Hepliaklqana (Snake:3)
  5 draconian shifters
  4 deep elf elementalists (Elf:3)
  3 balrugs
  4 draconian stormcallers
  4 draconian annihilators
  The ghost of Ryveytt the Unseen, an adept SpEn of Gozag (Snake:3)
  A curse skull (Vaults:3)
  16 ironbound preservers
  2 ghouls (Swamp:4)
  3 orc warlords
  8 ironbound thunderhulks
  9 stone giants
  8 quicksilver oozes
  4 formless jellyfish
  5 eleionomae
  10 green draconians
  3 deep elf demonologists (Elf:3)
  4 vampire knights
  Nessos (Lair:3)
  5 deep elf death magi
  8 black draconians
  A lorocyproca (Depths:1)
  17 very ugly things
  4 deep elf annihilators (Elf:3)
  8 purple draconians
  5 yellow draconians
  2 spark wasps (Depths:1)
  10 dire elephants
  3 war gargoyles
  A bunyip (Swamp:1)
  10 red draconians
  Snorg (D:14)
  8 white draconians
  5 ettins
  A crystal guardian (Vaults:2)
  An eidolon (Depths:4)
  A blizzard demon (Depths:1)
  11 fire dragons
  2 entropy weavers
  Josephine (D:14)
  5 ice dragons
  2 shambling mangroves
  7 great orbs of eyes
  2 spriggan air magi (Depths:4)
  7 deep elf high priests (Elf:3)
  5 yaktaur captains
  12 hydras
  4 vault guards
  A spriggan zombie (Depths:1)
  8 salamander tyrants
  17 ironbound frosthearts
  3 catoblepae (Lair:5)
  A hell beast (Depths:4)
  4 ghost crabs
  8 alligators
  A peacekeeper (Vaults:2)
  A death knight (Vaults:3)
  8 anacondas
  10 dancing weapons
  5 deep troll shamans
  6 centaur warriors
  12 death yaks
  2 two-headed ogres (D:12)
  A tengu warrior (Depths:3)
  5 boulder beetles
  9 naga warriors
  A spriggan berserker (Depths:4)
  A vampire mage (Vaults:3)
  8 deep troll earth magi
  A hell hog (Depths:4)
  10 shock serpents
  14 naga sharpshooters
  12 deep elf knights
  2 sun demons (D:14)
  2 hell knights
  3 iron trolls
  A fire crab (shapeshifter) (Vaults:1)
  A sixfirhy (Depths:1)
  A death drake (Swamp:3)
  A glowing orange brain (shapeshifter) (Depths:4)
  5 goliath frogs
  61 deep trolls
  A quicksilver dragon simulacrum (Depths:4)
  6 spriggan druids
  8 salamander mystics
  2 flayed ghosts
  11 swamp dragons
  An orb spider (shapeshifter) (Depths:3)
  Lodul (D:13)
  A tengu zombie (Depths:1)
  8 bog bodies
  5 glowing orange brains
  9 harpies
  A harpy (shapeshifter) (Elf:3)
  11 lindwurms
  9 arcanists
  2 orange crystal statues
  7 deep elf archers
  16 ironbound convokers
  A steelbarb worm (shapeshifter) (Vaults:1)
  4 naga ritualists
  37 deep elf pyromancers
  5 phantasmal warriors
  A shadow dragon zombie (Depths:1)
  5 necromancers
  10 orc knights
  6 shining eyes
  2 spectral hydras (Swamp:4)
  A stone giant zombie (Depths:1)
  22 deep elf zephyrmancers
  3 oklob plants (Swamp:4)
  8 orc sorcerers
  A wolf spider (D:14)
  10 mana vipers
  A shining eye (shapeshifter) (D:14)
  2 cyclopes (D:15)
  8 will-o-the-wisps
  47 ugly things
  30 salamanders
  2 manticores (shapeshifter) (Vaults:1)
  A frost giant zombie (Depths:1)
  6 manticores
  11 moths of wrath
  3 meliai (D:14)
  26 elephants
  4 torpor snails
  15 vault sentinels
  39 black mambas
  An ice statue (Snake:4)
  9 kobold blastminers (Orc:2)
  6 guardian serpents
  A large abomination (D:2)
  15 naga magi
  An eye of devastation (shapeshifter) (Depths:1)
  9 cane toads
  A smoke demon (Volcano)
  2 gargoyles
  A hellion (Depths:4)
  2 rime drakes (Lair:5)
  An eye of devastation (Slime:4)
  14 yaktaurs
  2 elf zombies (Vaults:2)
  A freezing wraith (D:14)
  Psyche (D:11)
  7 komodo dragons
  A tengu conjurer (Depths:3)
  4 hydra zombies (Swamp:4)
  5 trolls
  A red devil (Volcano)
  A death drake zombie (Swamp:4)
  A polar bear (shapeshifter) (D:15)
  3 polar bears
  A bloated husk (Swamp:1)
  9 hornets
  A frost giant simulacrum (Vaults:4)
  A glass eye (Slime:5)
  11 tyrant leeches
  7 dream sheep
  20 blink frogs
  A death drake skeleton (Swamp:4)
  65 slime creatures
  2 shadows
  5 air elementals
  3 water elementals
  4 spriggans
  5 wyverns
  52 yaks
  A vampire (D:12)
  2 ynoxinuls
  3 hogs
  9 wraiths
  3 fire bats (Lair:4)
  3 basilisks
  6 golden eyes (Slime:5)
  16 humans
  7 wargs
  2 fire elementals
  3 redbacks (Vaults:2)
  15 vampire mosquitoes
  A basilisk (shapeshifter) (Vaults:1)
  A redback simulacrum (D:14)
  Menkaure (D:4)
  2 glowing shapeshifter zombies (Vaults:2)
  47 nagas
  14 swamp worms
  4 acid dragons
  2 hell hounds (Volcano)
  4 hydra simulacra (Swamp:4)
  19 water moccasins
  33 orc warriors
  6 swamp drakes
  A black bear (Lair:4)
  An ice beast (D:8)
  2 swamp dragon zombies (Swamp:4)
  15 ogres
  A human zombie (Vaults:4)
  5 centaurs
  2 human skeletons
  15 wolves
  3 swamp dragon skeletons (Swamp:4)
  A bullfrog (shapeshifter) (D:11)
  3 kobold brigands
  10 bullfrogs
  An earth elemental (Elf:2)
  2 gnoll sergeants
  14 wights
  9 killer bees
  12 electric eels
  5 howler monkeys
  3 jellies
  4 hounds
  A lava snake (Snake:1)
  A bombardier beetle (D:6)
  23 orc priests
  3 gnoll boudas
  4 iguanas
  43 orc wizards
  A sleepcap (D:7)
  5 hell rats
  A boggart simulacrum (D:15)
  23 gnolls
  6 adders
  A shadow imp (D:6)
  2 white imps (D:8)
  2 worms
  5 dart slugs
  119 orcs
  8 ball pythons
  4 bats
  7 endoplasms
  3 giant cockroaches
  4 goblins
  8 hobgoblins
  10 jackals
  16 kobolds
  7 quokkas
  2 frilled lizards
  11 rats
  2 aspiring fleshes (Zot:1)
1970 creatures vanquished.

Vanquished Creatures (collateral kills)
  A thorn hunter (Swamp:4)
  A hydra zombie (Swamp:4)
  A hydra (Lair:4)
  A naga ritualist (Snake:1)
  A manticore (D:15)
  A freezing wraith (D:14)
  4 yaks (D:8)
  A hound (D:8)
11 creatures vanquished.

Vanquished Creatures (others)
  An ironbound preserver (Vaults:2)
  2 centaur warriors (D:14)
  2 ugly things (D:15)
  A black mamba (Snake:1)
  3 bloated husks
  A swamp worm (Swamp:4)
  2 wolves
  17 foxfires
29 creatures vanquished.

Grand Total: 2010 creatures vanquished

Notes
Turn   | Place    | Note
-------+----------+-------------------------------------------
     0 | D:1      | Wizard1ke the Oni Earth Elementalist began the quest for
                  | the Orb.
     0 | D:1      | Reached XP level 1. HP: 16/16 MP: 3/3
   228 | D:1      | Reached XP level 2. HP: 24/24 MP: 0/5
   419 | D:1      | Learned a level 2 spell: Passwall
   518 | D:1      | Reached skill level 1 in Conjurations
   899 | D:1      | Reached XP level 3. HP: 31/31 MP: 5/7
  1803 | D:2      | Found a faded altar of an unknown god.
  1933 | D:2      | Learned a level 3 spell: Stone Arrow
  2101 | D:2      | Reached XP level 4. HP: 25/39 MP: 2/9
  2586 | D:3      | Reached XP level 5. HP: 45/45 MP: 6/10
  2941 | D:3      | You are sucked into a shaft and drop 1 floor!
  2954 | D:4      | Noticed Menkaure
  2971 | D:4      | Identified a scroll of acquirement
  3165 | D:4      | Killed Menkaure
  3166 | D:4      | Reached XP level 6. HP: 53/53 MP: 6/12
  3336 | D:3      | Found a glowing golden altar of the Shining One.
  3338 | D:3      | Noticed an angel
  3390 | D:3      | Found a basalt altar of Yredelemnul.
  3392 | D:3      | Noticed a profane servitor
  3642 | D:3      | Found a shadowy altar of Dithmenos.
  4115 | D:4      | Found a shimmering altar of Xom.
  4182 | D:4      | Reached skill level 5 in Spellcasting
  4239 | D:5      | Entered Level 5 of the Dungeon
  4285 | D:5      | Found a sacrificial altar of Ru.
  4319 | D:5      | Reached XP level 7. HP: 59/59 MP: 10/14
  4746 | D:5      | Reached skill level 5 in Earth Magic
  4825 | D:5      | Identified the +7 hand axe of Verdant Indomitability
                  | {drain, Dex+3 Stlth+}
  5040 | D:6      | Reached XP level 8. HP: 67/67 MP: 15/17
  5189 | D:6      | Acquired the ring of Satisfaction {Ice rElec Will- Int+5}
  5191 | D:6      | Acquired the +3 tower shield of Precision Catastrophes
                  | {*Corrode rElec Dex+3}
  5703 | D:7      | Found a stormy altar of Qazlal.
  5767 | D:7      | Reached skill level 5 in Conjurations
  6572 | D:7      | Reached XP level 9. HP: 74/74 MP: 16/20
  6786 | D:7      | Found a staircase to the Ecumenical Temple.
  6818 | Temple   | Entered the Ecumenical Temple
  6836 | Temple   | Became a worshipper of Sif Muna the Loreminder
  7346 | D:8      | Found an iron altar of Okawaru.
  7770 | D:8      | Reached skill level 1 in Shields
  8048 | D:8      | Reached * piety under Sif Muna
  8279 | D:8      | Noticed a troll
  8298 | D:8      | Reached XP level 10. HP: 81/81 MP: 14/22
  8434 | D:8      | Found a staircase to the Lair.
  8584 | D:8      | Found a bloodstained altar of Trog.
  8647 | D:8      | Identified the orb of Jigsaw {guile, ^Drain rElec rPois
                  | SInv}
  9379 | D:8      | Reached ** piety under Sif Muna
  9419 | D:8      | Found a radiant altar of Vehumet.
  9912 | D:8      | Found Uledgh's Book Emporium.
 11082 | D:10     | Entered Level 10 of the Dungeon
 11082 | D:10     | Found Yckazohoor's Assorted Antiques.
 11094 | D:10     | Bought a scroll labelled OCVAOTS NARREACEC for 24 gold
                  | pieces
 11094 | D:10     | Bought a scroll labelled ORYXAHIBRA for 24 gold pieces
 11108 | D:10     | Reached skill level 5 in Shields
 11572 | D:10     | Reached *** piety under Sif Muna
 12331 | D:11     | Noticed Psyche
 12347 | D:11     | Killed Psyche
 12459 | D:11     | Found Itamicku's Weapon Shoppe.
 12514 | D:11     | Reached XP level 11. HP: 88/88 MP: 16/23
 12859 | D:11     | Noticed Gastronok
 13060 | D:10     | Learned a level 4 spell: Brom's Barrelling Boulder
 13494 | D:11     | Found a staircase to the Orcish Mines.
 13593 | D:11     | Reached **** piety under Sif Muna
 13782 | D:11     | Noticed a manticore
 13790 | D:11     | Killed a manticore
 14223 | D:11     | Killed Gastronok
 14531 | Lair:1   | Entered Level 1 of the Lair of Beasts
 14911 | D:8      | Reached skill level 10 in Earth Magic
 15588 | Lair:1   | Reached skill level 10 in Conjurations
 15994 | Lair:1   | Reached XP level 12. HP: 96/96 MP: 9/24
 16769 | Lair:1   | Reached skill level 10 in Shields
 16769 | Lair:1   | Reached skill level 1 in Fighting
 17242 | Lair:1   | Reached skill level 5 in Fighting
 18199 | Lair:1   | Reached ***** piety under Sif Muna
 18481 | Lair:2   | Found a staircase to the Snake Pit.
 18603 | Lair:2   | Found an opulent altar of Gozag.
 18614 | Lair:2   | Found a staircase to the Swamp.
 18772 | Lair:2   | Reached skill level 10 in Fighting
 19037 | Lair:2   | Received a gift from Sif Muna
 19038 | Lair:2   | Got Cerebov's Monograph on Forces {god gift}
 19046 | Lair:2   | Learned a level 6 spell: Bombard
 19878 | Lair:3   | Noticed a four-headed hydra
 19887 | Lair:3   | Killed a four-headed hydra
 19888 | Lair:3   | Reached XP level 13. HP: 122/133 MP: 9/25
 20287 | Lair:3   | Noticed Nessos
 20296 | Lair:3   | Killed Nessos
 20426 | Lair:3   | Noticed Rupert
 20558 | Lair:4   | You fall into a shaft and drop 1 floor!
 20558 | Lair:5   | Entered Level 5 of the Lair of Beasts
 21123 | Lair:4   | Found a dark tunnel.
 21136 | Volcano  | Entered a volcano
 21942 | Lair:4   | Found a staircase to the Slime Pits.
 23554 | Lair:4   | Identified the +7 short sword of Noat {speed, SInv}
 24328 | Lair:5   | Reached XP level 14. HP: 128/143 MP: 0/26
 28339 | Lair:5   | Identified the +6 morningstar "Apsismio" {heavy, *Slow rF+
                  | rN+ Dex+2}
 29571 | D:12     | Found a portal to a secret trove of treasure.
 29888 | D:12     | Found Nuenatia's Distillery.
 29936 | D:12     | Received a gift from Sif Muna
 29937 | D:12     | Got Xomaeff's Information on the Discharge {god gift}
 30259 | D:13     | Found Viczuta's Armour Shop.
 31177 | D:13     | Noticed Kirke
 31313 | D:12     | Killed Kirke
 31314 | D:12     | Reached XP level 15. HP: 136/149 MP: 2/27
 31643 | D:13     | Found Keonwur's General Store.
 31647 | D:13     | Bought a potion of lignification for 48 gold pieces
 32125 | Orc:1    | Entered Level 1 of the Orcish Mines
 32218 | Orc:1    | Noticed Jorgrun
 32224 | Orc:1    | Killed Jorgrun
 32377 | Orc:2    | Entered Level 2 of the Orcish Mines
 32847 | Orc:2    | Noticed an orc warlord
 32864 | Orc:2    | Paralysed by an orc sorcerer for 5 turns
 33781 | Orc:1    | Killed an orc warlord
 35040 | Orc:2    | Found Cah Aquro's General Store.
 35832 | Orc:2    | Found Mawimam's Jewellery Shoppe.
 35936 | Orc:2    | Found a staircase to the Elven Halls.
 35949 | Orc:2    | Received a gift from Sif Muna
 35952 | Orc:2    | Got Sif Muna's Vellum of the Syncline and the Missiles {god
                  | gift}
 35965 | Orc:2    | Learned a level 5 spell: Lee's Rapid Deconstruction
 37055 | Orc:2    | Found Dulonk's Antique Armour Boutique.
 37145 | Orc:2    | Noticed an orc warlord
 37330 | Orc:2    | Killed an orc warlord
 37659 | Orc:2    | Found Enuj's Antique Armour Boutique.
 37664 | Orc:2    | Found Ymacker's Antique Weapon Shop.
 38216 | Orc:2    | Bought gold dragon scales for 1680 gold pieces
 38419 | D:12     | You paid a toll of +2 gold dragon scales to enter a
                  | treasure trove
 38420 | Trove    | Entered a treasure trove
 38422 | Trove    | Found the +5 robe of Night {Dark Will+ SInv}
 38422 | Trove    | Found the +1 cloak of Starlight {*Dazzle EV+4 Stlth--}
 38423 | Trove    | Found the +3 hat of Pondering {ponderous, Will+ MP+10
                  | Int+5}
 38423 | Trove    | Found the +1 robe of Vines {NoPotionHeal Regen++++}
 38430 | Trove    | Identified the +1 hat of Vampiric Thralls {rPois Str+3}
 38434 | Trove    | Identified the scarf of Eternity {harm, Regen+}
 38437 | Trove    | Identified the -1 hat of Sunlight {Harm Will+ Dex+2}
 38451 | Trove    | Identified the +0 robe of the Sunfish {Dex+4}
 38453 | Trove    | Identified the +1 robe of Qoplimpo {rN+ Will++ rCorr MP-9}
 38585 | D:14     | Noticed Lodul
 38585 | D:14     | Found a gate to the Vaults.
 38678 | D:14     | Noticed Roxanne
 38840 | D:14     | Killed Roxanne
 39220 | D:14     | Noticed Josephine
 39237 | D:14     | Killed Josephine
 39702 | D:13     | Killed Lodul
 39703 | D:13     | Reached skill level 15 in Conjurations
 39703 | D:13     | Reached skill level 15 in Earth Magic
 40192 | D:14     | Found a runed translucent gate.
 40193 | D:14     | Found a runed translucent gate.
 40196 | D:14     | Found a runed translucent gate.
 40238 | D:14     | Noticed Snorg
 40244 | D:14     | Killed Snorg
 40245 | D:14     | Reached XP level 16. HP: 159/159 MP: 14/28
 40433 | D:14     | Found an opulent altar of Gozag.
 41187 | D:14     | Found a runed translucent gate.
 41187 | D:14     | Found a runed translucent gate.
 41188 | D:14     | Noticed Nioplizu's ghost (journeyman SpHu)
 41191 | D:14     | Found a runed translucent gate.
 41191 | D:14     | Noticed a tentacled monstrosity
 41227 | D:15     | Entered Level 15 of the Dungeon
 41300 | D:15     | Found a staircase to the Depths.
 41828 | D:15     | Identified the +5 dagger "Coh Zamp" {venom, rPois Int+2
                  | Stlth+}
 43056 | Orc:2    | Bought a +6 ring of intelligence for 504 gold pieces
 43247 | Snake:1  | Entered Level 1 of the Snake Pit
 43445 | Snake:1  | Reached skill level 1 in Invocations
 43640 | Snake:1  | Found Ikhlas's Antique Weapon Emporium.
 43642 | Snake:1  | Found Pefaucuq's Antique Armour Shoppe.
 43646 | Snake:1  | Found Hieviuqy's Antique Armour Emporium.
 44004 | Snake:1  | Found a shimmering blue altar of Sif Muna.
 44093 | Snake:1  | Received a gift from Sif Muna
 44094 | Snake:1  | Reached skill level 5 in Invocations
 44096 | Snake:1  | Got Sif Muna's Folio of Congealing Execration {god gift}
 45883 | Snake:2  | Noticed a nagaraja
 45886 | Snake:2  | Killed a nagaraja
 46505 | Snake:2  | Reached skill level 10 in Invocations
 47403 | Snake:2  | Noticed a nagaraja
 47409 | Snake:2  | Killed a nagaraja
 47649 | Snake:3  | Reached XP level 17. HP: 145/172 MP: 16/30
 47966 | Snake:3  | Reached skill level 10 in Spellcasting
 48298 | Snake:2  | Learned a level 7 spell: Orb of Destruction
 48656 | Snake:3  | Noticed Vashnia
 50266 | Snake:3  | Found a runed translucent gate.
 50268 | Snake:3  | Found a runed translucent gate.
 50268 | Snake:3  | Noticed Menolash's ghost (journeyman MiFi)
 50268 | Snake:3  | Noticed Ryveytt's ghost (adept SpEn)
 50268 | Snake:3  | Noticed Horghaoc's ghost (adept DEFi)
 50269 | Snake:3  | Found a runed translucent gate.
 50861 | Snake:3  | Killed Vashnia
 51167 | Snake:4  | Entered Level 4 of the Snake Pit
 51370 | Snake:4  | Found a gateway to a bazaar.
 53046 | Snake:4  | Found Puaham's Self-Published Books.
 54102 | Snake:4  | Reached XP level 18. HP: 130/182 MP: 26/34
 54910 | Snake:4  | Bought Jessica's Volume of Apprentice Sorcery for 330 gold
                  | pieces
 54916 | Snake:4  | Learned a level 2 spell: Blink
 55077 | Snake:4  | Noticed a quicksilver dragon
 55190 | Snake:4  | Reached skill level 1 in Translocations
 55345 | Snake:4  | Killed a quicksilver dragon
 55480 | Snake:4  | Got a serpentine rune of Zot
 55614 | Bazaar   | Entered a bazaar
 55628 | Bazaar   | Found Pilaaff's Antique Weapon Shoppe.
 55628 | Bazaar   | Found Azed's Book Emporium.
 55662 | Bazaar   | Found Edil's Distillery.
 55662 | Bazaar   | Found Qitun's Assorted Antiques.
 55667 | Bazaar   | Bought a scroll labelled JOBOWU AMUI for 40 gold pieces
 55731 | Bazaar   | Bought a book of Unlife for 216 gold pieces
 55731 | Bazaar   | Bought a book of Spontaneous Combustion for 228 gold pieces
 55779 | Snake:4  | Learned a level 5 spell: Borgnjor's Vile Clutch
 55785 | Snake:4  | Learned a level 5 spell: Irradiate
 55891 | Swamp:1  | Entered Level 1 of the Swamp
 55991 | Swamp:1  | Reached skill level 1 in Alchemy
 56353 | Swamp:1  | Received a gift from Sif Muna
 56356 | Swamp:1  | Got Sif Muna's Atlas of Confrontation {god gift}
 56650 | Swamp:1  | Noticed Donald
 56698 | Swamp:1  | Killed Donald
 58202 | Swamp:3  | Noticed Mlioglotl
 58206 | Swamp:3  | Killed Mlioglotl
 58548 | Swamp:3  | Noticed a tentacled monstrosity
 59412 | Swamp:3  | Killed a tentacled monstrosity
 59533 | Swamp:3  | Reached skill level 5 in Alchemy
 59744 | Swamp:3  | Noticed a tentacled monstrosity
 59748 | Swamp:3  | Killed a tentacled monstrosity
 59919 | Swamp:3  | Received a gift from Sif Muna
 60558 | Swamp:4  | Entered Level 4 of the Swamp
 60919 | Swamp:4  | Found a runed translucent door.
 60920 | Swamp:4  | Noticed cinnamon's ghost (adept MiFi)
 60933 | Swamp:4  | Killed cinnamon's ghost
 61773 | Swamp:4  | Reached XP level 19. HP: 189/189 MP: 35/35
 63486 | Swamp:4  | Found a blossoming altar of Fedhas.
 63601 | Swamp:4  | Found a basalt altar of Yredelemnul.
 63613 | Swamp:4  | Got a decaying rune of Zot
 63719 | Swamp:4  | Received a gift from Sif Muna
 63721 | Swamp:4  | Got Hunurax's Codex of Rot {god gift}
 64201 | Vaults:1 | Entered Level 1 of the Vaults
 64201 | Vaults:1 | Noticed Nikola
 64207 | Vaults:1 | Killed Nikola
 66622 | Vaults:1 | Found Xeklap's Magic Scroll Boutique.
 66856 | Vaults:1 | Received a gift from Sif Muna
 66857 | Vaults:1 | Got Sif Muna's Grimoire of the Adder and Blasting {god
                  | gift}
 67205 | Vaults:1 | Identified the +1 kite shield of Mirth {rC+ Dex+4}
 67205 | Vaults:1 | Noticed Asterion
 67214 | Vaults:1 | Killed Asterion
 67572 | Vaults:1 | Reached skill level 15 in Fighting
 67794 | Vaults:2 | Reached XP level 20. HP: 204/210 MP: 27/36
 68344 | Vaults:2 | Found Tueschano's Antique Weapon Emporium.
 68350 | Vaults:2 | Identified the +7 hand axe of the Teaching Gods {heavy,
                  | Int+3}
 68922 | Vaults:2 | Reached skill level 15 in Shields
 70129 | Vaults:2 | Received a gift from Sif Muna
 70264 | Vaults:2 | Got Sif Muna's Parchment of the Fulgurous Volley {god gift}
 73355 | Vaults:3 | Identified the +12 great sword of Emno {pain, Int+3}
 73411 | Vaults:3 | Noticed Zenata
 73422 | Vaults:3 | Killed Zenata
 73423 | Vaults:3 | Reached skill level 15 in Invocations
 73980 | Vaults:3 | Reached XP level 21. HP: 185/218 MP: 29/37
 74499 | Vaults:3 | Found a staircase to the Crypt.
 76676 | Vaults:4 | Received a gift from Sif Muna
 76680 | Vaults:4 | Got Sif Muna's Catalogue of Macabre Algor {god gift}
 77349 | Vaults:4 | Found Seidd's Weapon Shop.
 77384 | Vaults:4 | Reached skill level 5 in Dodging
 77983 | Vaults:4 | Upgraded the game from 0.31-a0-1422-gc82a368 to
                  | 0.31-a0-1425-g903e00c
 78363 | Elf:1    | Entered Level 1 of the Elven Halls
 78936 | Elf:1    | Learned a level 8 spell: Lehudib's Crystal Spear
 79948 | Elf:1    | Got the Almanac of Amalgamated Force
 80156 | Elf:2    | Received a gift from Sif Muna
 80446 | Elf:2    | Paralysed by an air elemental for 1 turns
 81321 | Elf:2    | Paralysed by an air elemental for 1 turns
 81644 | Elf:2    | Found a runed translucent gate.
 81645 | Elf:2    | Found a runed translucent gate.
 81646 | Elf:2    | Found a runed translucent gate.
 81960 | Elf:3    | Entered Level 3 of the Elven Halls
 82426 | Elf:3    | Reached XP level 22. HP: 236/237 MP: 40/40
 82870 | Elf:3    | Reached skill level 15 in Spellcasting
 83460 | Elf:3    | Received a gift from Sif Muna
 83463 | Elf:3    | Got Sif Muna's Elucidation of Concussion {god gift}
 83559 | Elf:3    | Identified the ring of Asceticism {Fire rN+}
 84808 | Elf:3    | Got Qafitrih's Almanac of the Tempest
 84837 | Elf:3    | Identified the staff "Koha" {*Corrode Fly Will++ Conj}
 84873 | Elf:3    | Identified the +1 short sword of a sewer {speed, *Slow
                  | rPois Dex+5}
 84902 | Elf:3    | Identified the +0 sling "Teecw" {speed, rCorr}
 85312 | Depths:1 | Entered Level 1 of the Depths
 85686 | Depths:1 | Found a transporter.
 85689 | Depths:1 | Found a transporter.
 85691 | Depths:1 | Found a transporter.
 86080 | Depths:1 | Found a gateway to Hell.
 86607 | Depths:1 | Received a gift from Sif Muna
 86903 | Depths:1 | Found a one-way gate leading to the halls of Pandemonium.
 87662 | Depths:1 | Identified the +2 leather armour of Going Fast {rN+ Slay+5}
 87722 | Depths:1 | Found a transporter.
 88254 | Snake:3  | Killed Ryveytt's ghost
 88256 | Snake:3  | Killed Horghaoc's ghost
 88259 | Snake:3  | Killed Menolash's ghost
 88284 | Snake:3  | Learned a level 2 spell: Sublimation of Blood
 89140 | Depths:2 | Reached skill level 1 in Necromancy
 90663 | Depths:2 | Identified the +10 battleaxe "Newt's Death Toll" {vamp, rF+
                  | Dex+4}
 91353 | Depths:3 | Reached XP level 23. HP: 254/254 MP: 12/42
 91773 | Depths:3 | Found a one-way gate to the infinite horrors of the Abyss.
 92095 | Depths:3 | Noticed Jory
 92104 | Depths:3 | Killed Jory
 92210 | Depths:3 | Identified the +1 robe "Sucuathre" {Rampage +Blink SInv
                  | Stlth-}
 92344 | Depths:3 | Found a one-way gateway to a ziggurat.
 92669 | Depths:4 | Entered Level 4 of the Depths
 92675 | Depths:3 | Reached skill level 5 in Necromancy
 92914 | Depths:4 | Noticed a golden dragon
 92921 | Depths:4 | Killed a golden dragon
 93290 | Depths:4 | Noticed a golden dragon
 93296 | Depths:4 | Killed a golden dragon
 93308 | Depths:4 | Noticed a golden dragon
 93314 | Depths:4 | Killed a golden dragon
 93455 | Depths:4 | Received a gift from Sif Muna
 93553 | Depths:4 | Got Sif Muna's Vellum of Leaden Lamentation {god gift}
 93592 | Depths:4 | Noticed a caustic shrike
 93593 | Depths:4 | Noticed a caustic shrike
 93597 | Depths:4 | Killed a caustic shrike
 93598 | Depths:4 | Noticed a caustic shrike
 93610 | Depths:4 | Killed a caustic shrike
 93978 | Depths:4 | Killed a caustic shrike
 94085 | Depths:4 | Noticed a juggernaut
 94092 | Depths:4 | Killed a juggernaut
 94173 | Depths:4 | Noticed a caustic shrike
 94177 | Depths:4 | Killed a caustic shrike
 94562 | Depths:4 | Found a gate to the Realm of Zot.
 95456 | Slime:1  | Entered Level 1 of the Pits of Slime
 95533 | Slime:1  | Paralysed by a formless jellyfish for 1 turns
 96372 | Slime:5  | Entered Level 5 of the Pits of Slime
 96619 | Slime:4  | Reached XP level 24. HP: 265/265 MP: 28/42
 97265 | Slime:5  | Found a viscous altar of Jiyva.
 97266 | Slime:5  | Noticed the Royal Jelly
 98098 | Slime:5  | Reached skill level 10 in Necromancy
 98128 | Slime:5  | Gained mutation: You are occasionally teleported next to
                  | monsters. [a shining eye]
 98132 | Slime:5  | Lost mutation: You are occasionally teleported next to
                  | monsters. [potion of mutation]
 98132 | Slime:5  | Gained mutation: You have an increased reservoir of magic.
                  | (+10% MP) [potion of mutation]
 98132 | Slime:5  | Gained mutation: Your mind is acute. (Int +4, Str/Dex -1)
                  | [potion of mutation]
 98132 | Slime:5  | Gained mutation: You have large cloven feet. [potion of
                  | mutation]
 98132 | Slime:5  | Gained mutation: You are robust. (+10% HP) [potion of
                  | mutation]
 98392 | Slime:5  | Found the +8 autumn katana {manifold assault}
 98393 | Slime:5  | Found the ring of Shadows {Umbra +Inv Stlth+}
 98405 | Slime:5  | Got a slimy rune of Zot
 98467 | Slime:5  | Identified the ring of the Eight Beggars {+Blink Fly rN+
                  | rCorr}
 98517 | Slime:5  | Got the Vademecum on Movement and the Wind
 98519 | Slime:5  | Identified the +3 ring mail "Uluif" {rPois rCorr Str+2}
 99035 | Zot:1    | Entered Level 1 of the Realm of Zot
 99287 | Zot:1    | Gained mutation: You occasionally shout uncontrollably at
                  | your foes. [mutagenic glow]
 99489 | Zot:1    | Noticed a curse toe
 99512 | Zot:1    | Killed a curse toe
100452 | Zot:1    | Noticed a curse toe
100881 | Zot:1    | Killed a curse toe
101875 | Zot:1    | Noticed a curse toe
102819 | Zot:2    | Found a runed translucent gate.
102821 | Zot:2    | Found a runed translucent gate.
102822 | Zot:2    | Found a runed translucent gate.
102824 | Zot:2    | Noticed Anotheraccount's ghost (legendary FoFi)
103627 | Zot:2    | Learned a level 1 spell: Apportation
103940 | Zot:1    | Noticed a curse toe
103947 | Zot:2    | Reached XP level 25. HP: 181/300 MP: 24/46
105970 | Zot:4    | Noticed an orb of fire
105971 | Zot:4    | Gained mutation: You are weak. (Str -2) [an orb of fire]
105973 | Zot:4    | Lost mutation: You are robust. (+10% HP) [an orb of fire]
105974 | Zot:4    | Killed an orb of fire
106591 | Zot:4    | Noticed Grunn
108445 | Zot:4    | Killed Grunn
108725 | Zot:5    | Entered Level 5 of the Realm of Zot
109130 | Zot:5    | Noticed a Killer Klown
109150 | Zot:5    | Killed a Killer Klown
109317 | Zot:5    | Noticed an orb of fire
109320 | Zot:5    | Noticed an ancient lich
109320 | Zot:5    | Noticed an orb of fire
109320 | Zot:5    | Noticed a Killer Klown
109324 | Zot:5    | Got the Orb of Zot
109325 | Zot:5    | Noticed a dread lich
109326 | Zot:5    | Noticed an orb of fire
109326 | Zot:5    | Noticed a Killer Klown
109447 | Zot:2    | Noticed Dideah Vauja the pandemonium lord
109699 | D:14     | Noticed Sushou the pandemonium lord
109855 | D:4      | Received a gift from Sif Muna
109856 | D:4      | Got Cerebov's Volume of Forces {god gift}
109888 | D:2      | Noticed Hoow the pandemonium lord
109941 | D:$      | Escaped with the Orb!

Illustrated notes

Levels and vault maps discovered:
D:1:      kennysheep_arrival_seaside, layout_basic, amethyst_killhole,
          hangedman_decor_diamond_cutter
D:2:      layout_basic, ebering_ecumenical_altar_webs
D:3:      minmay_general_purpose_star, layout_basic,
          grunt_temple_overflow_holy_war,
          nicolae_dithmenos_through_a_glass_darkly, kennysheep_small_spiral,
          chequers_arboretum, columned_hall_lemuel
D:4:      layout_cave_pools, mainiacjoe_overflow_small_starburst, uniq_menkaure
D:5:      layout_rooms, nicolae_ru_sacrificial_ziggurat
D:6:      layout_cave_pools
D:7:      layout_gridville, old_standard_altar,
          minmay_temple_entry_enclosed_plants, serial_bayou,
          serial_bayou_lake_a, serial_bayou_pond_c, serial_bayou_pond_e,
          serial_bayou_pond_e, abandoned_shop, chequers_serial_rivers_micro_e
D:8:      layout_basic, vehumet_crystals, nicolae_overflow_crystal_walls,
          general_overflow_altar, erik_lair_island, special_room
          [special_room_orc], serial_shops, shop, nrook_campfire
D:9:      layout_gridville
D:10:     layout_rooms, serial_shops, shop
D:11:     layout_loops_ring, erik_orc_4, serial_shops,
          nicolae_shop_tiny_waterfront, uniq_gastronok, uniq_psyche
D:12:     layout_basic, nicolae_trove_entry_diagonal, serial_shops,
          nicolae_shop_industrial_runoff, minmay_misc_feat_tiny
D:13:     layout_grid_maze, serial_shops, nicolae_shop_pleasant_corner_grove,
          shop, uniq_kirke
D:14:     layout_irregular_city, david_vaults_3,
          ploomutoo_gammafunk_ghost_potion_laboratory, serial_shops,
          bzr_entry_lakeside, grunt_gozag_breadcrumbs, gauntlet_entry_generic,
          uniq_roxanne, uniq_josephine, uniq_snorg
D:15:     hangedman_depths_entry_try_elsewhere_first, layout_basic,
          abandoned_shop
Temple:   nicolae_temple_god_jail
Lair:1:   layout_gridlike, beast_lair_carwin_7, grunt_megastairs_5
Lair:2:   layout_loops_ring, minmay_swamp_entry_swarm, dummy_snake_entry,
          basic_altar
Lair:3:   layout_layer_cave, serial_forest, infiniplex_forest_split,
          infiniplex_forest_lined_1, infiniplex_forest_clump_diagonal,
          infiniplex_forest_lined_2, infiniplex_forest_end_2,
          infiniplex_forest_straight_3, infiniplex_forest_lined_corner,
          infiniplex_forest_end_2, infiniplex_staircase_pool_2, uniq_nessos,
          uniq_rupert
Lair:4:   layout_roguey, slime_entry_1, nicolae_volcano_entry_batcave,
          serial_bayou_shore_b, grunt_megastairs_2
Lair:5:   evilmike_catoblepas_cave, layout_gridlike, grunt_megastairs_3,
          serial_bayou_shore_b
Swamp:1:  layout_basic_swamp, serial_swamp_ruin, evilmike_swamp_ruin_house_5,
          evilmike_swamp_ruin_house_1, infiniplex_staircase_pool, uniq_donald
Swamp:2:  layout_basic_swamp, nicolae_swamp_stuck_in_the_mud
Swamp:3:  nzn_winding_woodlands_small [nzn_winding_woodlands_5x15_garden,
          nzn_winding_woodlands_center_lodge,
          nzn_winding_woodlands_5x15_concentric], layout_falls_marsh,
          nicolae_swamp_stair_fork, swamp_pool_4, uniq_mlioglotl
Swamp:4:  byrel_swamp_growth_death_and_undeath, layout_basic_swamp,
          gammafunk_ghost_grave, swamp_pool_3, water_boxes_lemuel
Snake:1:  layout_grid_maze, basic_altar, nicolae_snake_salamander_fort,
          minmay_shop_star
Snake:2:  layout_gridlike
Snake:3:  layout_cave_pods, gammafunk_ghost_cemetery, uniq_vashnia
Snake:4:  hellmonk_snake_rune_quicksilver_temple, layout_basic, serial_shops,
          statue_bzr, nicolae_custom_books
Slime:1:  layout_caves, nicolae_slime_ancient_tower_intersection
Slime:2:  layout_caves
Slime:3:  layout_caves
Slime:4:  layout_caves
Slime:5:  slime_pit
Orc:1:    layout_caves, uniq_jorgrun
Orc:2:    grunt_orc_community_town_hall, layout_caves,
          grunt_orc_community_big_house_2, grunt_orc_community_big_house_2,
          grunt_orc_community_house_3, grunt_orc_community_house_1,
          grunt_orc_community_house_2, grunt_orc_community_house_2,
          grunt_orc_community_house_2, grunt_orc_community_house_1,
          library_closet, guppyfry_orc_lava_fort
Elf:1:    minmay_elf_arrival_plus, layout_gridlike, minmay_elf_sorcery,
          hangedman_decor_cross_pass, lemuel_upstairs_altar
Elf:2:    nicolae_elf_blades_splatter_lattice
          [nicolae_blade_entry_diamond_columns], layout_geoelf_octagon,
          portal_desolation_entry_ruin
Elf:3:    minmay_elf_hall_x, layout_onion_city
Vaults:1: v_misc_30, v_misc_29, v_misc_8, v_misc_5, v_misc_14,
          nicolae_vaults_loss_of_containment, vaults_room_hallway,
          grunt_vaults_swirl, grunt_vaults_hallway_short,
          nicolae_vaults_frosty_reception, grunt_vaults_hallway_long,
          nicolae_vaults_little_squares_6, layout_vaults_omnibox, serial_shops,
          shop, uniq_nikola, uniq_asterion
Vaults:2: ontoclasm_vaults_tryst, nicolae_vaults_network_s,
          nicolae_vaults_trapezoid_lopsided_3, hangedman_vaults_snaps,
          hangedman_vaults_locks, ontoclasm_vaults_spin,
          nicolae_vaults_windows_and_doors_thing, nicolae_vaults_house_2,
          vaults_dpeg_diagonal, nicolae_vaults_murder_corner,
          nicolae_vaults_more_shelving_1, serial_library_hellmonk_semicircle,
          nicolae_vaults_trapezoid_1, nicolae_vaults_little_squares_1,
          layout_vaults_maze_snakey, serial_shops, shop
Vaults:3: nicolae_vaults_specimen_jars, minmay_crypt_entry_simple_walls,
          grunt_vaults_twisty, nicolae_vaults_theta,
          nicolae_vaults_network_periphery, v_misc_5, v_misc_4,
          nicolae_vaults_closet_pinwheel_1, nicolae_vaults_network_square,
          nicolae_vaults_asterisk, nicolae_vaults_statue_guard,
          nicolae_vaults_little_squares_3, nicolae_vaults_house_1,
          layout_vaults_omnicross, uniq_zenata
Vaults:4: vaults_room_grid, nicolae_vaults_three_branches,
          nicolae_vaults_closet_pinwheel_1, vaults_room_octagon,
          hangedman_vaults_nodes, hangedman_vaults_corner_blocks,
          nicolae_vaults_apartment_1, nicolae_vaults_trapezoid_lopsided_2,
          nicolae_vaults_closet_pinwheel_6, ontoclasm_vaults_ring_large,
          nicolae_vaults_tetromino_T_2, nicolae_vaults_sealed_display,
          nicolae_vaults_closet_pinwheel_1, layout_vaults_ring, serial_shops,
          nicolae_shop_window_shopping
Depths:1: layout_gridlike, pf_hell_entry_tar_spiral, minmay_misc_feat_ornament,
          rand_demon_pan_entry_1, nicolae_diode_quadrants, serial_bayou_shore_b,
          firewood_loft
Depths:2: kennysheep_cluttered_fort, layout_long_grid, pf_hell_entry_great_geh,
          pan_entry, minivault_16
Depths:3: minmay_firetagon, layout_cave_shapes, enter_ziggurat_b,
          minmay_misc_feat_room, hell_entry, abyss_entry_crystal,
          minmay_fractal_squares_gapless_7, infiniplex_staircase_spiral,
          uniq_jory
Depths:4: evilmike_zot_entry_basic, layout_honeycomb, grunt_mini_vestibule,
          hangedman_abyss_or_decor_jellyfish_corner, st_stairs_11
Zot:1:    bobbens_index_wilting_gardens, layout_basic,
          hangedman_zot_decor_scrapings
Zot:2:    minmay_elemental_castle, layout_cellular_growth, skrybe_zot_glass_1,
          ebering_ghost_rock_garden, guppyfry_library_mini
Zot:3:    layout_onion_interference
Zot:4:    layout_cellular_growth, regret_index_zotdec_silver_v_v_loose,
          regret_index_zotdec_serpentine_scales, uniq_grunn
Zot:5:    layout_cellular_growth, skrybe_zot_glass_2

Skill      XL: |  1  2  3  4  5  6  7  8  9 10 11 12 13 14 15 16 17 18 19 20 21 22 23 24 25 |
---------------+----------------------------------------------------------------------------+-----
Earth Magic    | 3 4 5 6 7 9 10 11 13 15 17 18 20 | 20.0
Conjurations   | 1 2 3 4 5 7 8 10 11 13 15 17 19 20 | 20.0
Spellcasting   | 3 4 5 6 7 8 9 12 14 15 | 15.0
Shields        | 3 5 8 10 11 12 13 15 17 20 | 20.0
Fighting       | 10 12 15 18 20 | 20.0
Invocations    | 10 15 | 15.0
Translocations | 4 |  4.0
Alchemy        | 5 |  5.0
Dodging        | 2 5 |  5.0
Necromancy     | 3 9 10 | 10.0
Stealth        | |  1.4

Action                     |  1- 3 |  4- 6 |  7- 9 | 10-12 | 13-15 | 16-18 | 19-21 | 22-24 | 25-27 || total
---------------------------+-------+-------+-------+-------+-------+-------+-------+-------+-------++-------
  Melee: Unarmed           |    11 |       |       |       |       |       |       |       |       ||    11
         Headbutt          |     1 |       |       |    16 |    52 |    17 |    22 |     3 |       ||   111
         Staff             |       |       |       |    43 |   146 |    47 |    60 |     5 |       ||   301
         Kick              |       |       |       |       |       |       |       |     1 |       ||     1
  Throw: Dart              |       |       |       |     4 |    18 |     3 |     1 |       |       ||    26
   Cast: Sandblast         |    54 |    98 |    59 |       |       |       |       |       |       ||   211
         Stone Arrow       |       |     3 |    71 |   418 |   781 |     3 |       |       |       ||  1276
         Bombard           |       |       |       |       |    50 |   585 |   558 |   323 |     5 ||  1521
         Lee's Rapid Decon |       |       |       |       |     3 |     3 |    21 |    13 |       ||    40
         Orb of Destructio |       |       |       |       |       |    19 |   103 |   315 |   103 ||   540
         Irradiate         |       |       |       |       |       |    15 |    61 |    70 |    12 ||   158
         Borgnjor's Vile C |       |       |       |       |       |       |     6 |    53 |       ||    59
         Passwall          |       |       |       |       |       |       |     2 |       |       ||     2
         Sublimation of Bl |       |       |       |       |       |       |       |    41 |     2 ||    43
         Lehudib's Crystal |       |       |       |       |       |       |       |    57 |    66 ||   123
         Shatter           |       |       |       |       |       |       |       |     3 |       ||     3
         Apportation       |       |       |       |       |       |       |       |     1 |       ||     1
 Invoke: Channel Magic     |       |       |       |       |     2 |     5 |    13 |    19 |     1 ||    40
         Divine Exegesis   |       |       |       |       |       |       |       |     3 |       ||     3
  Evoke: Wand              |       |       |     5 |       |    17 |    13 |    11 |     8 |     3 ||    57
         Phantom mirror    |       |       |       |       |     2 |     1 |     1 |       |       ||     4
    Use: Scroll            |       |     3 |     9 |     2 |    15 |     9 |     4 |     6 |     8 ||    56
         Potion            |       |       |       |       |       |     2 |       |     9 |    10 ||    21
 Armour: Robe              |    36 |    27 |    45 |   113 |   257 |   220 |   216 |   313 |   120 ||  1347
         Skin              |       |       |       |       |       |       |       |    64 |       ||    64
  Dodge: Dodged            |    21 |    14 |    15 |    27 |    84 |    34 |    48 |    58 |    21 ||   322
  Block: Other             |       |    11 |    11 |       |       |       |       |       |       ||    22
         Reflection        |       |     1 |     5 |    10 |    96 |   114 |    68 |     8 |       ||   302
         Tower shield      |       |       |       |   305 |   976 |   390 |   400 |   314 |    91 ||  2476

Table legend: (Time is in decaauts)
 A = Elapsed time spent in this place.
 B = Non-inter-level travel time spent in this place.
 C = Inter-level travel time spent in this place.
 D = Time resting spent in this place.
 E = Time spent auto-exploring this place.
 F = Levels seen in this place.
 G = Mean time per level.
                   A        B        C        D        E       F      G
               +--------+--------+--------+--------+--------+-----+--------+
         Total | 112835 | 104645 |   8190 |  32497 |  54728 |  55 | 2051.5 |
       Dungeon |  28125 |  24721 |   3404 |   7343 |  13584 |  15 | 1875.0 |
        Temple |     34 |      9 |     25 |      0 |      0 |   1 |   34.0 |
          Lair |  12836 |  12010 |    826 |   2428 |   7300 |   5 | 2567.2 |
         Swamp |   8099 |   7916 |    183 |   2886 |   3951 |   4 | 2024.8 |
     Snake Pit |  12979 |  12169 |    810 |   3549 |   6801 |   4 | 3244.8 |
    Slime Pits |   3062 |   2900 |    162 |   1952 |    289 |   5 |  612.4 |
  Orcish Mines |   6778 |   5912 |    866 |   1752 |   2991 |   2 | 3389.0 |
   Elven Halls |   7077 |   6600 |    477 |   2321 |   3152 |   3 | 2359.0 |
        Vaults |  13513 |  13121 |    392 |   2382 |   8654 |   4 | 3378.2 |
        Depths |  10452 |   9935 |    517 |   3925 |   4804 |   4 | 2613.0 |
           Zot |   9092 |   8568 |    524 |   3639 |   3056 |   5 | 1818.4 |
        Bazaar |    173 |    173 |      0 |      0 |     70 |   1 |  173.0 |
         Trove |     69 |     69 |      0 |      0 |      0 |   1 |   69.0 |
       Volcano |    540 |    540 |      0 |    318 |     72 |   1 |  540.0 |
               +--------+--------+--------+--------+--------+-----+--------+

Top non-repeatable levels by time:
   Orc:2: 4840 daAuts
     D:8: 4691 daAuts
  Lair:5: 3997 daAuts
Vaults:3: 3834 daAuts
Depths:4: 3686 daAuts
 Snake:3: 3670 daAuts
Vaults:2: 3597 daAuts
 Snake:4: 3440 daAuts
    D:14: 3416 daAuts
   Elf:3: 3232 daAuts
 Snake:2: 3219 daAuts
  Lair:4: 3168 daAuts
Vaults:1: 3153 daAuts
 Swamp:3: 2934 daAuts
Vaults:4: 2927 daAuts
